 Dungeon Crawl Stone Soup version 0.28-a0-1033-g1a2f33fa85 (webtiles) character file.

Game seed: 4891569625030789875

1417 mcbry74 the Cleaver (level 8, -1/68 HPs)
             Began as a Hill Orc Fighter on Dec 8, 2021.
             Was an Initiate of Makhleb.
             Slain by a troll (9 damage)
             ... on level 6 of the Dungeon.
             The game lasted 00:18:26 (7214 turns).

mcbry74 the Cleaver (Hill Orc Fighter)              Turns: 7214, Time: 00:18:26

Health: -1/68      AC: 10    Str: 27    XL:     8   Next: 71%
Magic:  10/10      EV:  8    Int:  8    God:    Makhleb [......]
Gold:   129        SH:  4    Dex: 10    Spells: 7/7 levels left

rFire   . . .      SeeInvis .   a - +0 war axe
rCold   . . .      Faith    .   c - +0 buckler
rNeg    . . .      Spirit   .   q - +0 chain mail
rPois   .          Reflect  .   y - +0 helmet
rElec   .          Harm     .   v - scarf {shadows}
rCorr   +          Rampage  .   (no gloves)
Will    .....                   (no boots)
Stlth   ..........              p - amulet of the acrobat
HPRegen 0.21/turn               m - ring of resist corrosion
MPRegen 0.12/turn               w - +6 ring of strength

@: no status effects
A: no striking features
a: Renounce Religion


You were on level 6 of the Dungeon.
You worshipped Makhleb.
Makhleb was noncommittal.
You visited 2 branches of the dungeon, and saw 7 of its levels.

You collected 155 gold pieces.
You spent 26 gold pieces at shops.

Inventory:

Hand Weapons
 a - a +0 war axe (weapon)
 b - a +2 flail of protection
 j - a +0 war axe
 u - the +5 falchion of Yzetzof {vorpal, rElec rF+ Str+7 Int+2}
   (You found it on level 4 of the Dungeon)

   It inflicts extra damage upon your enemies.
   Str:       It affects your strength (+7).
   Int:       It affects your intelligence (+2).
   rF:        It protects you from fire.
   rElec:     It insulates you from electricity.
Missiles
 s - 15 poisoned darts (quivered)
Armour
 c - a +0 buckler (worn)
 l - a +0 scale mail
 n - a +2 robe of willpower
 q - a +0 chain mail (worn)
 v - a scarf of shadows (worn)
 y - a +0 helmet (worn)
Jewellery
 m - a ring of resist corrosion (left hand)
 p - an amulet of the acrobat (around neck)
 w - a +6 ring of strength (right hand)
Wands
 z - a wand of iceblast (6)
Scrolls
 e - 5 scrolls of teleportation
 f - 2 scrolls of blinking {unknown}
 r - a scroll of brand weapon {unknown}
 t - 2 scrolls of immolation {unknown}
 A - a scroll of holy word {unknown}
Potions
 d - a potion of brilliance
 g - a potion of haste
 h - a potion of magic
 i - a potion of ambrosia {unknown}
 k - 2 potions of heal wounds
 o - a potion of attraction {unknown}
 x - a potion of berserk rage {unknown}
 B - a potion of invisibility {unknown}


   Skills:
 + Level 5.1 Fighting
 * Level 9.3(10.8) Axes
 + Level 5.0(7.1) Maces & Flails
 + Level 4.8(6.9) Polearms
 - Level 3.2 Armour
 - Level 3.2 Shields
 + Level 3.7 Invocations


You had 7 spell levels left.
You didn't know any spells.
Your spell library contained the following spells:

 Spells                   Type           Power      Damage    Failure   Level
 Animate Skeleton         Necr           0%         N/A       96%         1
 Pain                     Necr           0%         1d4       96%         1
 Call Imp                 Summ           0%         N/A       99%         2
 Sublimation of Blood     Necr           0%         N/A       99%         2
 Wereblood                Tmut           0%         N/A       99%         2
 Vampiric Draining        Necr           0%         2d6       100%        3
 Summon Lightning Spire   Summ/Air       0%         N/A       100%        4
 Monstrous Menagerie      Summ           0%         N/A       100%        7
 Summon Hydra             Summ           0%         N/A       100%        7


Dungeon Overview and Level Annotations

Branches:
Dungeon (6/15)             Temple (1/1) D:4

Altars:
Ashenzari
Cheibriados
Dithmenos
Elyvilon
Fedhas
Gozag
Hepliaklqana
Kikubaaqudgha
Makhleb
Nemelex Xobeh
Okawaru
Qazlal
Ru
Sif Muna
Trog
Uskayaw
Vehumet
Wu Jian
Xom
Yredelemnul
Zin
The Shining One

Shops:
D:2 ?   D:4 !

Annotations:
D:2 1 runed translucent door, Crazy Yiuf


Message History

There is a stone staircase leading up here.
Something hits you but does no damage.
You climb upwards.
Reactivating autopickup.
There is a stone staircase leading down here.
You start resting.
HP restored.
There is a stone staircase leading down here.
You climb downwards.
There is a stone staircase leading up here.
Found a stone staircase leading down.
A troll comes into view.
The troll shouts!
Throw: 16 darts (poison)
Press: ? - help, Q - select action, (/) - cycle Shift-Dir - straight line, f - troll
Aim: a troll (57% to hit)
You throw a poisoned dart.
The poisoned dart closely misses the troll.
Your chain mail prevents you from hitting the troll.
The troll bites you! The troll barely misses you.
The troll claws you but does no damage.
You barely miss the troll. The troll closely misses you. The troll claws you.
The troll barely misses you.
You closely miss the troll. The troll bites you!
The troll claws you but does no damage. x2
You hit the troll but do no damage. The troll bites you.
You block the troll's attack. The troll claws you!
You slash the troll!
The troll is moderately wounded.
The troll bites you. The troll claws you!
* * * LOW HITPOINT WARNING * * *
The troll claws you.
* * * LOW HITPOINT WARNING * * *
The troll closely misses you. The troll completely misses you.
The troll closely misses you.
There is a stone staircase leading up here.
The troll bites you!
* * * LOW HITPOINT WARNING * * *
The troll claws you!
You die...

#...... #....>.....#.####.# #...#
#...<...##......... #...#
#.......####.##.#.# #...#
#............#.##.. #...#
####.##########.### .# #...#
#####.###########.#.
.#####...#####.........##..(..#.#
.................#.....##.....###
...........#...T@.#...>..<....#
....................#..##.....#
.#####...#####.#.##.#..##.....#
<# ##...## #.#.##.#..######### .#
##.###.## #.........#.......#
.###.## ##.###.##.#.####.#####.#
.##.## ##.##.......# #.#####.##
###.# #.....#.##.###..#...... #
#.## ##.###.#.##.#...#...#.##


You could see a troll.

Vanquished Creatures
  Grinder (D:5)
  Sigmund (D:2)
  2 sky beasts
  A black bear (D:5)
  An ogre (D:6)
  A wyvern zombie (D:5)
  3 scorpions
  A vampire bat (D:5)
  A jelly (D:4)
  A bullfrog skeleton (D:5)
  Terence (D:2)
  A scorpion zombie (D:5)
  4 iguanas
  A hound zombie (D:5)
  A hound skeleton (D:4)
  8 adders
  4 gnolls (D:3)
  A shadow imp (D:6)
  A worm (D:2)
  4 dart slugs
  6 orcs
  10 bats
  A bat zombie (D:3)
  4 endoplasms
  A giant cockroach (D:3)
  6 goblins
  8 hobgoblins
  4 jackals (D:2)
  6 quokkas
  3 ball pythons
  4 frilled lizards
  7 kobolds
  7 rats
  4 rat zombies (D:3)
  A bush (D:4)
111 creatures vanquished.

Notes
Turn   | Place    | Note
-------+----------+-------------------------------------------
     0 | D:1      | mcbry74 the Hill Orc Fighter began the quest for the Orb.
     0 | D:1      | Reached XP level 1. HP: 19/19 MP: 1/1
   204 | D:1      | Found a faded altar of an unknown god.
   285 | D:1      | Reached skill level 3 in Axes
   400 | D:1      | Reached XP level 2. HP: 26/26 MP: 2/2
   922 | D:2      | Reached skill level 1 in Maces & Flails
  1020 | D:2      | Reached skill level 1 in Polearms
  1026 | D:2      | Reached XP level 3. HP: 31/31 MP: 3/3
  1110 | D:2      | Found a runed translucent door.
  1111 | D:2      | Noticed Crazy Yiuf
  1219 | D:2      | Noticed Terence
  1230 | D:2      | Killed Terence
  1231 | D:2      | Reached skill level 4 in Axes
  1581 | D:2      | Reached XP level 4. HP: 27/39 MP: 4/4
  1640 | D:2      | Noticed Sigmund
  1643 | D:2      | Found Hugiogex's Magic Scroll Shoppe.
  1650 | D:2      | Killed Sigmund
  1651 | D:2      | Reached skill level 5 in Axes
  1651 | D:2      | Reached XP level 5. HP: 16/45 MP: 5/5
  1898 | D:2      | Bought a scroll of identify for 26 gold pieces
  1953 | D:2      | You fall into a shaft and drop 1 floor!
  1970 | D:3      | Reached XP level 6. HP: 51/51 MP: 6/6
  2017 | D:3      | Reached skill level 6 in Axes
  2397 | D:3      | Found a hide-covered altar of Uskayaw.
  3357 | D:3      | Found an ancient bone altar of Kikubaaqudgha.
  3973 | D:4      | Reached skill level 7 in Axes
  3973 | D:4      | Reached XP level 7. HP: 37/57 MP: 7/7
  4187 | D:4      | Found Quawk's Distillery.
  4399 | D:4      | Found a staircase to the Ecumenical Temple.
  4405 | Temple   | Entered the Ecumenical Temple
  4525 | Temple   | Became a worshipper of Makhleb the Destroyer
  4993 | D:4      | Identified the +5 falchion of Yzetzof {vorpal, rElec rF+
                  | Str+7 Int+2}
  5167 | D:5      | Entered Level 5 of the Dungeon
  5205 | D:5      | Noticed Grinder
  5205 | D:5      | Paralysed by Grinder for 4 turns
  5326 | D:5      | Reached skill level 1 in Invocations
  5819 | D:5      | Reached skill level 8 in Axes
  6040 | D:5      | Killed Grinder
  6041 | D:5      | Reached XP level 8. HP: 50/67 MP: 9/9
  6209 | D:5      | Found a bloodstained altar of Trog.
  6562 | D:5      | Reached skill level 9 in Axes
  6714 | D:6      | Reached skill level 5 in Fighting
  6922 | D:6      | Reached skill level 5 in Maces & Flails
  6934 | D:6      | Found an iron altar of Okawaru.
  6939 | D:6      | Got the Tome of Creative Feathers
  7194 | D:6      | Noticed a troll
  7214 | D:6      | Slain by a troll

Illustrated notes

Levels and vault maps discovered:
D:1:      elethiomel_arrival_shortcut, layout_loops_ring,
          shapermc_ecumenical_altar_notcrosses, chequers_serial_rivers_micro_a
D:2:      layout_loops_ring, serial_shops, shop, uniq_crazy_yiuf_cottage,
          uniq_sigmund, uniq_terence
D:3:      layout_basic, mainiacjoe_overflow_cross_hatched,
          lemuel_zombie_altar_kikubaaqudgha
D:4:      layout_layer_cave, minmay_temple_entry_enclosed_plants, serial_shops,
          kennysheep_little_box, minmay_hedge_maze, minivault_5
D:5:      layout_gridville, trog_butcher_becter, roderic_batcave, uniq_grinder
D:6:      layout_loops_cross, mainiacjoe_overflow_alcove_1
Temple:   eino_narrow_crystal_temple

Skill      XL: |  1  2  3  4  5  6  7  8 |
---------------+-------------------------+-----
Axes           | 3 4 5 7 8 9 |  9.3
Maces & Flails | 1 2 3 4 5 |  5.0
Polearms       | 1 2 3 4 |  4.8
Invocations    | 2 3 |  3.7
Fighting       | 4 5 |  5.1
Armour         | |  3.2
Shields        | |  3.2

Action                   |  1- 3 |  4- 6 |  7- 9 || total
-------------------------+-------+-------+-------++-------
Melee: War axe           |    80 |   100 |   171 ||   351
       Flail             |    10 |    51 |       ||    61
Throw: Dart              |       |       |     6 ||     6
  Use: Potion            |       |     3 |       ||     3
       Scroll            |       |     1 |     3 ||     4
Armor: Scale mail        |    29 |    49 |    30 ||   108
       Robe              |       |       |     2 ||     2
       Chain mail        |       |       |    32 ||    32
Dodge: Dodged            |    40 |    62 |    88 ||   190
Block: Buckler           |    20 |    32 |    32 ||    84

Table legend: (Time is in decaauts)
 A = Elapsed time spent in this place.
 B = Non-inter-level travel time spent in this place.
 C = Inter-level travel time spent in this place.
 D = Time resting spent in this place.
 E = Time spent auto-exploring this place.
 F = Levels seen in this place.
 G = Mean time per level.
                   A        B        C        D        E       F      G
               +--------+--------+--------+--------+--------+-----+--------+
         Total |   7274 |   7034 |    240 |   2151 |   3707 |   7 | 1039.1 |
       Dungeon |   7145 |   6912 |    233 |   2151 |   3603 |   6 | 1190.8 |
        Temple |    128 |    121 |      7 |      0 |    104 |   1 |  128.0 |
               +--------+--------+--------+--------+--------+-----+--------+

Top non-repeatable levels by time:
     D:4: 1657 daAuts
     D:5: 1559 daAuts
     D:2: 1371 daAuts
     D:3: 1237 daAuts
     D:1: 908 daAuts
     D:6: 411 daAuts
  Temple: 128 daAuts
